AoeStats
← Ancrypto

Fortress

510105786Analyzed
3v3 RM · 2d ago on Sep 29, 2026· 48m 52s· 6 players
Game mode
Random Map
Map size
Large (8 player)
Population
200
Speed
Normal
Resources
Standard
Victory
Conquest
Starting age
Dark Age
Ending age
Imperial Age
RankedLock teamsTeams togetherTeam positionsShared explorationLock speedFull tech treeHidden civsTurbo modeCheats
Victory
Defeat
🇺🇸 Celts · United States
935
+15
🇬🇧 Burgundians · United Kingdom
922
+15
919
+15
🇳🇱 Sicilians · Netherlands
1074
-21
🇳🇱 Portuguese · Netherlands
823
-26
🇳🇱 Spanish · Netherlands
823
-26
♞♕❤Staffan❤♕ ツ シ
6:36 Loom
9:33 Feudal Age
10:13 Double-Bit Axe
10:11 Horse Collar
10:24 Gold Mining
13:56 Wheelbarrow
13:38 Town Watch
13:51 Stone Mining
17:28 Castle Age
15:42 Fletching
15:53 Padded Archer Armor
16:05 Forging
15:55 Scale Mail Armor
20:28 Caravan
20:44 Bow Saw
21:11 Stone Shaft Mining
20:39 Heavy Plow
23:11 Bodkin Arrow
26:12 Thumb Ring
29:23 Leather Archer Armor
28:54 Treadmill Crane
29:25 Fortified Wall
33:22 Imperial Age
33:50 Elite Rattan Archer
35:04 Paper Money
37:15 Hand Cart
37:00 Town Patrol
38:05 Chemistry
37:26 Ballistics
38:03 Ring Archer Armor
38:01 Bracer
38:53 Siege Engineers
38:59 Masonry
38:45 Murder Holes
40:00 Chain Mail Armor
40:20 Iron Casting
39:51 Scale Barding Armor
40:49 Two-Man Saw
42:07 Arrowslits
42:12 Guard Tower
42:43 Bombard Tower
wolverine
9:15 Feudal Age
12:42 Castle Age
11:03 Double-Bit Axe
11:29 Horse Collar
13:50 Bow Saw
14:40 Wheelbarrow
20:37 Caravan
20:49 Gold Mining
22:31 Hand Cart
22:11 Loom
22:12 Town Watch
22:30 Heavy Plow
24:21 Town Patrol
25:03 Gold Shaft Mining
24:18 Stone Mining
28:05 Imperial Age
27:05 Stone Shaft Mining
26:45 Pikeman
28:40 Heavy Scorpion
28:54 Halberdier
29:32 Capped Ram
34:05 Forging
33:56 Scale Mail Armor
34:00 Siege Ram
36:11 Furor Celtica
36:46 Iron Casting
36:27 Chain Mail Armor
misaltamonteschiquitin
1:24 Wheelbarrow
4:00 Double-Bit Axe
4:10 Horse Collar
10:26 Feudal Age
11:37 Hand Cart
11:54 Bow Saw
12:15 Heavy Plow
12:05 Town Watch
13:27 Stone Mining
13:29 Gold Mining
14:46 Gold Shaft Mining
14:52 Stone Mining
17:19 Castle Age
16:08 Stone Shaft Mining
15:54 Scale Mail Armor
15:34 Man-at-Arms
18:00 Forging
17:40 Long Swordsman
19:56 Two-Man Saw
20:26 Iron Casting
19:15 Cavalier
19:57 Husbandry
20:32 Crop Rotation
20:38 Guilds
21:25 Scale Barding Armor
21:46 Caravan
22:10 Chain Mail Armor
22:47 Fletching
23:14 Loom
25:59 Treadmill Crane
26:41 Ballistics
28:24 Chain Barding Armor
31:57 Masonry
33:07 Burgundian Vineyards
33:01 Bodkin Arrow
33:08 Padded Archer Armor
36:24 Imperial Age
33:35 Pikeman
36:34 Squires
38:11 Chemistry
37:42 Architecture
38:14 Blast Furnace
36:44 Two-Handed Swordsman
39:25 Plate Barding Armor
38:14 Paladin
47:45 Light Cavalry
Licrovan
11:48 Feudal Age
12:51 Double-Bit Axe
12:50 Horse Collar
18:52 Castle Age
18:50 Scale Mail Armor
19:33 Wheelbarrow
21:02 Bow Saw
20:55 Heavy Plow
26:56 Crossbowman
27:54 Forging
27:35 Fletching
27:46 Padded Archer Armor
28:13 Chain Mail Armor
28:42 Gold Mining
28:44 Stone Mining
33:18 Imperial Age
35:45 Arbalester
36:31 Thumb Ring
38:07 Loom
38:39 Hand Cart
38:10 Town Watch
41:08 Ballistics
41:49 Chemistry
41:02 Scale Barding Armor
41:28 Plate Mail Armor
41:13 Leather Archer Armor
40:53 Bodkin Arrow
41:09 Forging
ZeChaos
7:29 Feudal Age
8:57 Feudal Age
14:02 Castle Age
12:15 Scale Mail Armor
12:26 Forging
12:12 Double-Bit Axe
12:15 Horse Collar
12:37 Gold Mining
14:24 Wheelbarrow
16:52 Iron Casting
16:32 Chain Mail Armor
20:57 Pikeman
21:35 Town Watch
21:36 Loom
22:26 Wheelbarrow
22:26 Heavy Plow
23:04 Gold Shaft Mining
22:52 Bow Saw
25:12 Hand Cart
26:06 Fletching
31:01 Imperial Age
28:33 Town Patrol
31:15 Bodkin Arrow
32:08 Conscription
32:58 Plate Mail Armor
32:05 Halberdier
33:06 Squires
33:14 Elite Serjeant
36:24 Blast Furnace
35:47 Ballistics
35:47 Guilds
37:05 First Crusade
Ancrypto
11:34 Feudal Age
16:45 Castle Age
15:05 Scale Barding Armor
15:21 Bloodlines
18:40 Padded Archer Armor
19:11 Husbandry
19:51 Horse Collar
32:46 Imperial Age
32:04 Double-Bit Axe
34:09 Wheelbarrow
Connection lost

Rejoining the realm…

Still unreachable

The connection could not be restored.

Session expired

The server has moved on; the page needs a fresh start.